 Dungeon Crawl Stone Soup version 0.21-a0-39-g28ea6b7 (webtiles) character file.

5385 HAL9000 the Slicer (level 10, -9/49 HPs)
             Began as a Vine Stalker Assassin on May 30, 2017.
             Was a Believer of Uskayaw.
             Mangled by a two-headed ogre
             ... wielding a cursed +0 giant club
              (16 damage)
             ... on level 8 of the Dungeon.
             The game lasted 00:31:09 (8652 turns).

HAL9000 the Slicer (Vine Stalker Assassin)          Turns: 8652, Time: 00:31:09

Health: -9/49      AC:  6    Str: 15    XL:     10   Next: 66%
Magic:  0/13       EV: 12    Int: 11    God:    Uskayaw [**....]
Gold:   264        SH: 11    Dex: 21    Spells: 9/9 levels left

rFire    + . .     SeeInvis .   D - +4 dagger (vamp)
rCold    x . .     Gourm    .   N - +0 shield
rNeg     . . .     Faith    +   c - +0 robe
rPois    .         Spirit   +   s - +2 helmet
rElec    .         Reflect  .   d - +0 cloak
rCorr    .         Harm     .   (no gloves)
MR       +....                  (no boots)
Stlth    ++++......             Q - amulet of faith
Regen    0.6/turn               G - ring of fire
MPRegen  0.2/turn               F - +3 ring of dexterity

@: no status effects
A: fangs 3, regeneration 1, magic shield, antimagic bite, no potion heal 3, rot
immunity
a: Stomp, Line Pass, Renounce Religion


You were on level 8 of the Dungeon.
You worshipped Uskayaw.
Uskayaw was noncommittal.
You were hungry.

You visited 2 branches of the dungeon, and saw 9 of its levels.
You also visited: Bailey.

You collected 264 gold pieces.

Inventory:

Hand Weapons
 b - a +0 blowgun
 D - a +4 vampiric dagger (weapon)
Missiles
 e - 9 poisoned needles
 f - 2 curare-tipped needles
Armour
 c - a +0 robe (worn)
 d - a +0 cloak (worn)
 s - a +2 helmet (worn)
 N - a +0 shield (worn)
Jewellery
 A - an uncursed ring of magical power
 F - a +3 ring of dexterity (right hand)
 G - a ring of fire (left hand)
 Q - an amulet of faith (around neck)
 S - an uncursed ring of fire
Wands
 K - a wand of iceblast (1/15)
 T - a wand of acid (7/15)
 U - a wand of disintegration (16/24)
 V - a wand of iceblast (5/15)
 W - a wand of disintegration (0/24)
 Y - a wand of polymorph (4/24)
Scrolls
 i - 6 scrolls of remove curse
 k - a scroll of amnesia
 m - 2 scrolls of magic mapping {unknown}
 o - a scroll of blinking {unknown}
 p - 3 scrolls of enchant weapon {unknown}
 r - 4 scrolls of teleportation
 v - 2 scrolls of fog {unknown}
 H - a scroll of enchant armour {unknown}
 J - a scroll of noise {unknown}
Potions
 h - a potion of flight {unknown}
 j - 4 potions of curing
 t - 2 potions of magic
 u - a potion of mutation {unknown}
 x - 2 potions of lignification
 C - a potion of haste {unknown}
 L - 3 potions of invisibility
 O - 2 potions of cancellation {unknown}
Books
 I - a book of Conjurations

   Spells                             Type                      Level
   a - Magic Dart                     Conjuration                  1
   b - Searing Ray                    Conjuration                  2
   c - Dazzling Spray                 Conjuration/Hexes            3
   d - Fulminant Prism                Conjuration/Hexes            4
   e - Force Lance                    Conjuration/Translocation    4
   f - Iskenderun's Mystic Blast      Conjuration                  4
Comestibles
 g - 6 bread rations
 l - 6 meat rations
 E - 2 royal jellies


   Skills:
 - Level 3.6 Fighting
 - Level 11.0 Short Blades
 - Level 1.7 Throwing
 - Level 2.6 Dodging
 - Level 6.5 Stealth
 + Level 6.1 Shields
 + Level 3.7 Invocations


You had 9 spell levels left.
You didn't know any spells.

Dungeon Overview and Level Annotations

Branches:
Dungeon (8/15)             Temple (1/1) D:7
   Lair: D:8-11

Altars:
Ashenzari
Cheibriados
Dithmenos
Elyvilon
Fedhas
Gozag
Hepliaklqana
Kikubaaqudgha
Makhleb
Nemelex Xobeh
Okawaru
Ru
Sif Muna
Trog
Uskayaw
Vehumet
Wu Jian
Xom
Yredelemnul
The Shining One

Shops:
D:6 [   D:7 [


Innate Abilities, Weirdness & Mutations

You have razor-sharp teeth.
Your natural rate of healing is unusually fast.
When hurt, damage is shared between your health and your magic reserves.
Your bite disrupts and absorbs the magic of your enemies.
Potions cannot restore your health.
You are immune to rotting.


Message History

The two-headed ogre hits you with a giant club!!
There is a stone staircase leading up, spattered with blood here.
You hit the two-headed ogre.
You bite the two-headed ogre, but do no damage.
The two-headed ogre is lightly wounded.
You hit the two-headed ogre. You bite the two-headed ogre. You drain its power.
You feel invigorated.
The two-headed ogre is lightly wounded.
You hit the two-headed ogre.
You feel better.
Your bite misses the two-headed ogre.
The two-headed ogre is moderately wounded.
The two-headed ogre hits you with a giant club!!!
Ouch! That really hurt!
* * * LOW HITPOINT WARNING * * *
You block the two-headed ogre's attack.
You can now pass through a line of other dancers.
Unknown command.
Okay, then.
The two-headed ogre hits you with a giant club!!
You die...

......##.......###.#
......##...^#### #.#
......##....# #.#
......##....######.#
............'......##
#...####....##......#
#...# ####..'.....<#
#...#######.##...O..#.#..
+...+...........@.........
#...####....#########.###.
## #....#########.#
####....#.......# #
#.)..(..#.......#
#.......#........
#.......#).......
########...))).......
...........##†.......


You could see a two-headed ogre.

Vanquished Creatures
  A two-headed ogre (D:3)
  Pikel (D:5)
  A cyclops (D:8)
  A gargoyle (D:8)
  The ghost of HAL9000 the Transmogrifier, a novice VSTm of Kikubaaqudgha (D:5)
  A hippogriff (D:7)
  A wyvern (D:8)
  Menkaure (D:5)
  The ghost of anet the Magician, an amateur DEWz (D:3)
  An ice beast (D:5)
  2 orc warriors
  A black bear (D:6)
  A phantom (D:5)
  4 slaves (D:5)
  5 ogres
  5 centaurs
  A big kobold (D:7)
  3 bullfrogs (D:7)
  2 scorpions (D:7)
  A water moccasin skeleton (D:4)
  A jelly (D:8)
  3 bullfrog zombies
  4 orc priests
  3 hounds
  Crazy Yiuf (D:2)
  A centaur skeleton (D:4)
  4 orc wizards
  4 iguanas
  8 worker ants
  A hound skeleton (D:5)
  Robin (D:1)
  A howler monkey skeleton (D:6)
  8 gnolls
  5 adders
  2 shadow imps (D:4)
  An ooze (D:3)
  An adder zombie (D:7)
  3 adder skeletons
  4 worms
  A dart slug (D:1)
  8 leopard geckos
  26 orcs
  A ball python (D:2)
  9 bats
  4 giant cockroaches
  16 goblins
  9 hobgoblins
  13 jackals
  3 quokkas
  4 frilled lizards
  9 kobolds
  A leopard gecko skeleton (D:4)
  2 leopard gecko zombies
  8 rats
205 creatures vanquished.

Notes
Turn   | Place    | Note
-------+----------+-------------------------------------------
     0 | D:1      | HAL9000 the Vine Stalker Assassin began the quest for the Orb.
     0 | D:1      | Reached XP level 1. HP: 11/11 MP: 2/2
   108 | D:1      | Reached skill level 2 in Short Blades
   490 | D:1      | Reached XP level 2. HP: 15/15 MP: 3/3
   869 | D:2      | Reached skill level 3 in Short Blades
   882 | D:2      | Reached XP level 3. HP: 18/18 MP: 4/4
  1231 | D:2      | Noticed Robin
  1480 | D:1      | Killed Robin
  1480 | D:1      | Gained mutation: Your natural rate of healing is unusually fast. [Vine Stalker growth]
  1480 | D:1      | Reached XP level 4. HP: 12/23 MP: 5/5
  1703 | D:2      | Reached skill level 4 in Short Blades
  1774 | D:2      | Found a runed door.
  1913 | D:2      | Noticed Crazy Yiuf
  1921 | D:2      | Killed Crazy Yiuf
  2114 | D:2      | Reached XP level 5. HP: 26/26 MP: 6/6
  2207 | D:3      | Noticed anet's ghost (amateur DEWz)
  2499 | D:3      | Noticed a two-headed ogre
  2526 | D:3      | Killed a two-headed ogre
  2526 | D:3      | Reached skill level 7 in Short Blades
  2526 | D:3      | Reached XP level 6. HP: 8/30 MP: 7/7
  2526 | D:3      | Reached XP level 7. HP: 9/34 MP: 8/8
  2834 | D:3      | Found a deep blue altar of Sif Muna.
  3072 | D:3      | Reached skill level 8 in Short Blades
  3514 | D:3      | Killed anet's ghost
  3514 | D:3      | Gained mutation: You have razor-sharp teeth. [Vine Stalker growth]
  3514 | D:3      | Reached XP level 8. HP: 32/38 MP: 9/9
  4026 | D:4      | Found a sparkling altar of Nemelex Xobeh.
  4134 | D:4      | Reached skill level 9 in Short Blades
  4488 | D:4      | Found a radiant altar of Vehumet.
  4592 | D:5      | Entered Level 5 of the Dungeon
  4749 | D:5      | Noticed Pikel
  4863 | D:5      | Killed Pikel
  4863 | D:5      | Reached skill level 10 in Short Blades
  4863 | D:5      | Reached XP level 9. HP: 24/42 MP: 10/10
  4906 | D:5      | Noticed HAL9000's ghost (novice VSTm)
  4926 | D:5      | Killed HAL9000's ghost
  4926 | D:5      | Reached skill level 11 in Short Blades
  4967 | D:5      | Noticed Menkaure
  4976 | D:5      | Killed Menkaure
  4976 | D:5      | Reached skill level 1 in Dodging
  4976 | D:5      | Reached skill level 5 in Stealth
  4988 | D:5      | Found an ancient bone altar of Kikubaaqudgha.
  5357 | D:5      | Found a snail-covered altar of Cheibriados.
  5835 | D:6      | Found an iron altar of Okawaru.
  5836 | D:6      | Found a bloodstained altar of Trog.
  5866 | D:6      | Found an iron altar of Okawaru.
  6168 | D:6      | Found Goseshafue's Armour Boutique.
  6169 | D:6      | Reached skill level 1 in Shields
  6571 | D:7      | Reached XP level 10. HP: 49/49 MP: 11/11
  6745 | D:7      | Found a staircase to the Ecumenical Temple.
  6783 | Temple   | Entered the Ecumenical Temple
  6826 | Temple   | Became a worshipper of Uskayaw the Reveler
  6851 | D:7      | Reached * piety under Uskayaw
  6853 | D:7      | Reached ** piety under Uskayaw
  6891 | D:7      | Reached *** piety under Uskayaw
  6896 | D:7      | Reached **** piety under Uskayaw
  6920 | D:7      | Found Lyuxat's Armour Shop.
  7016 | D:7      | Found a flagged portal.
  7026 | Bailey   | Entered a bailey
  7095 | Bailey   | HP: 2/49 [orc warrior (4)]
  7306 | D:7      | Reached skill level 5 in Shields
  7358 | D:7      | Found an iron altar of Okawaru.
  7961 | D:7      | Reached skill level 1 in Invocations
  8250 | D:8      | Noticed a gargoyle
  8348 | D:8      | Killed a gargoyle
  8478 | D:8      | Found a shimmering altar of Xom.
  8513 | D:8      | Noticed a manticore
  8521 | D:8      | Noticed a cyclops
  8521 | D:8      | a manticore changed into a cyclops
  8533 | D:8      | Killed a cyclops
  8580 | D:8      | Noticed a two-headed ogre
  8652 | D:8      | Mangled by a two-headed ogre

Vault maps used:
D:1:      tarquinn_simple_flora_water_d
D:2:      small_statue_intersection, kennysheep_generic_room_9,
          uniq_crazy_yiuf_cottage, uniq_robin
D:3:      lemuel_round_altar
D:4:      nemelex_xobeh_ov_fountains_minmay, kennysheep_mini,
          hangedman_abyss_or_decor_stabs, minmay_unequal
D:5:      marbit_many_paths, basic_altar, first_bread, uniq_menkaure, uniq_pikel
D:6:      grunt_temple_overflow_bloody_war, serial_shops, shop,
          minmay_misc_feat_square, grunt_ministairs_3, okawaru_ov_weapons_minmay
D:7:      nicolae_whirlpool, minmay_temple_entry_large_hall, enter_bailey_2,
          basic_altar, serial_shops, nicolae_shop_statue_plus
D:8:      lemuel_doored_altar, kennysheep_mini_moat, basic_altar,
          grunt_livestock
Temple:   cyrus_circular_temple
Bailey:   bailey_polearm_2, bailey

Skill      XL: |  1  2  3  4  5  6  7  8  9 10 |
---------------+-------------------------------+-----
Short Blades   | 2 3 4 7 8 10 11 | 11.0
Fighting       | 3 |  3.6
Dodging        | 2 |  2.6
Stealth        | 6 |  6.5
Shields        | 2 6 |  6.1
Invocations    | 3 |  3.7
Throwing       | |  1.7

Action                   |  1- 3 |  4- 6 |  7- 9 | 10-12 || total
-------------------------+-------+-------+-------+-------++-------
Melee: Dagger            |    89 |    67 |   503 |   182 ||   841
       Bite              |    17 |    14 |   174 |    74 ||   279
 Fire: Blowgun           |     9 |    11 |       |       ||    20
Invok: Stomp             |       |       |       |     3 ||     3
       Line Pass         |       |       |       |     1 ||     1
Evoke: Wand              |       |       |     2 |     7 ||     9
  Use: Scroll            |       |     1 |     3 |     5 ||     9
       Potion            |       |       |       |     1 ||     1
 Stab: Sleeping          |     5 |     5 |    13 |     3 ||    26
       Distracted        |     1 |       |     2 |     2 ||     5
       Paralysed         |       |       |       |     8 ||     8
  Eat: Chunk             |     2 |     3 |    10 |     7 ||    22
       Meat ration       |       |       |     1 |       ||     1
       Royal jelly       |       |       |     1 |       ||     1
Armor: Robe              |    37 |    11 |    75 |    19 ||   142
Dodge: Dodged            |    39 |    32 |   145 |    53 ||   269
Block: Shield            |       |       |    10 |    82 ||    92
